 Dungeon Crawl Stone Soup version 0.31-a0-774-g0d66cbabe8 (webtiles) character file.

Game seed: 18174349568750755287

47 cforsyth the Sneak (level 3, 0/31 HPs)
             Began as a Djinni Delver on Sept 17, 2023.
             Slain by a gnoll
             ... wielding a +0 whip
              (4 damage)
             ... on level 4 of the Dungeon.
             The game lasted 00:00:36 (320 turns).

cforsyth the Sneak (Djinni Delver)                   Turns: 320, Time: 00:00:37

Health: 0/31       AC:  3    Str: 11    XL:     3   Next: 97%
Gold:   12         EV: 12    Int: 13    God:
                   SH:  0    Dex: 14

rFire   + + .        a - +0 falchion
rCold   x . .        (no shield)
rNeg    . . .        b - +0 leather armour
rPois   ∞            (no helmet)
rElec   .            (no cloak)
rCorr   .            (no gloves)
SInv    .            (boots unavailable)
Will    .....        (no amulet)
Stlth   ++           (no ring)
HPRegen 0.25/turn    (no ring)
MPRegen 0.00/turn

%: infuse magic (-1 HP)
@: flying
A: sickness immunity, fire resistance 2, cold vulnerability 1, float, innate
caster, HP casting, extra vitality 1
a: no special abilities


You were on level 4 of the Dungeon.
You visited 1 branch of the dungeon, and saw 3 of its levels.

You collected 12 gold pieces.

Inventory:

Hand Weapons
 a - a +0 falchion (weapon)
Armour
 b - a +0 leather armour (worn)
Wands
 g - a wand of digging (3)
Scrolls
 c - a scroll of fog
 d - a scroll of revelation
Potions
 f - a potion of haste
 h - a potion of mutation {unknown}


   Skills:
 + Level 3.8 Fighting
 - Level 1.7 Long Blades
 - Level 2.1 Dodging
 - Level 4.1 Stealth
 + Level 1.4 Spellcasting
 + Level 1.4 Conjurations
 + Level 1.4 Hexes
   Level 0.0 Charms
 + Level 1.4 Summonings
 + Level 1.4 Necromancy
 + Level 1.4 Translocations
 + Level 1.4 Transmutations
 + Level 1.4 Fire Magic
 + Level 1.4 Ice Magic
 + Level 1.4 Air Magic
 + Level 1.4 Earth Magic
 + Level 1.4 Poison Magic


You knew the following spells:

 Your Spells              Type           Power      Damage    Failure   Level
a - Apportation           Tloc           8%         N/A       21%         1
Your spell library was empty.

Dungeon Overview and Level Annotations

Branches:
Dungeon (5/15)
 Temple: D:4-7

Altars:

Annotations:
D:3 Robin
D:5 Ijyb


Innate Abilities, Weirdness & Mutations

You are immune to sickness and miasma.
You are immune to poison.
Your flesh is very heat resistant. (rF++)
You are vulnerable to cold. (rC-)
You float through the air rather than walking.
You learn spells naturally, not from books.
Your magical power is your life essence.
You have superior vitality. (+4 MHP)


Message History

Found a scroll labelled CABLISCH KAUM.
There is a stone staircase leading down here.
As you read the scroll of fear, it crumbles to dust.
You assume a fearsome visage.
The gnoll looks frightened!
Found a stone staircase leading up.
There is a stone staircase leading up here.
You fly upwards.
The goblin shouts! x2; Robin shouts!
The goblin shouts! x2; You hear a shout! x2
The goblin shouts!
There is a stone staircase leading down here.
The hobgoblin shouts!
Robin roars a battlecry!
The goblins go into a battle-frenzy!
You fly downwards.
There is a stone staircase leading up here.
You start resting.
A gnoll is nearby!
You start resting.
A gnoll is nearby!
You closely miss the gnoll. The gnoll hits you but does no damage.
You barely miss the gnoll. The gnoll closely misses you.
You hit the gnoll.
The gnoll is moderately wounded.
The gnoll hits you with a +0 whip!
You are too injured to fight recklessly!
You are too injured to fight recklessly!
You are too injured to fight recklessly!
You are too injured to fight recklessly!
You are too injured to fight recklessly!
You are too injured to fight recklessly!
You are too injured to fight recklessly!
You barely miss the gnoll.
The gnoll is moderately wounded.
The gnoll hits you with a +0 whip!
* * * LOW HITPOINT WARNING * * *
The gnoll barely misses you.
You hit the gnoll.
The gnoll is almost dead.
The gnoll hits you with a +0 whip.
You die...

# #. #####
#.####...#
#..#..@..+
#....g..#
####.....#
##.......##
#...##...#
####...##...#
#.....###...#
#.............
#..............


You could see a gnoll.

Vanquished Creatures
  A hound (D:5)
  2 adders (D:5)
3 creatures vanquished.

Notes
Turn   | Place    | Note
-------+----------+-------------------------------------------
     0 | D:5      | cforsyth the Djinni Delver began the quest for the Orb.
     0 | D:5      | Reached XP level 1. HP: 20/20 MP: 0/0
    30 | D:5      | Reached XP level 2. HP: 16/25 MP: 0/0
   132 | D:5      | Reached skill level 1 in Spellcasting
   132 | D:5      | Reached skill level 1 in Conjurations
   132 | D:5      | Reached skill level 1 in Hexes
   132 | D:5      | Reached skill level 1 in Summonings
   132 | D:5      | Reached skill level 1 in Necromancy
   132 | D:5      | Reached skill level 1 in Translocations
   132 | D:5      | Reached skill level 1 in Transmutations
   132 | D:5      | Reached skill level 1 in Fire Magic
   132 | D:5      | Reached skill level 1 in Ice Magic
   132 | D:5      | Reached skill level 1 in Air Magic
   132 | D:5      | Reached skill level 1 in Earth Magic
   132 | D:5      | Reached skill level 1 in Poison Magic
   132 | D:5      | Reached XP level 3. HP: 14/31 MP: 0/0
   132 | D:5      | Learned a level 1 spell: Apportation
   230 | D:5      | Noticed Ijyb
   243 | D:5      | HP: 1/31 [gnoll/+0 whip (8)]
   258 | D:3      | Noticed Robin
   320 | D:4      | Slain by a gnoll

Illustrated notes

Levels and vault maps discovered:
D:3:      layout_loops_ring, minmay_misc_feat_nine_boxes, uniq_robin
D:4:      layout_rooms, nicolae_wu_jian_glorious_leap,
          nicolae_vehumet_altar_sigil
D:5:      layout_rooms, minmay_temple_entry_drinking_statues, serial_curves,
          eino_curves_04, eino_curves_01, minmay_manual_mandibuliform, uniq_ijyb

Skill      XL: |  1  2 |
---------------+-------+-----
Spellcasting   | 1 |  1.4
Conjurations   | 1 |  1.4
Hexes          | 1 |  1.4
Summonings     | 1 |  1.4
Necromancy     | 1 |  1.4
Translocations | 1 |  1.4
Transmutations | 1 |  1.4
Fire Magic     | 1 |  1.4
Ice Magic      | 1 |  1.4
Air Magic      | 1 |  1.4
Earth Magic    | 1 |  1.4
Poison Magic   | 1 |  1.4
Fighting       | |  3.8
Long Blades    | |  1.7
Dodging        | |  2.1
Stealth        | |  4.1

Action                     || total
---------------------------++-------
  Melee: Falchion          ||    32
    Use: Scroll            ||     1
   Stab: Sleeping          ||     1
 Armour: Leather armour    ||    35
  Dodge: Dodged            ||    42

Table legend: (Time is in decaauts)
 A = Elapsed time spent in this place.
 B = Non-inter-level travel time spent in this place.
 C = Inter-level travel time spent in this place.
 D = Time resting spent in this place.
 E = Time spent auto-exploring this place.
 F = Levels seen in this place.
 G = Mean time per level.
                   A        B        C        D        E       F      G
               +--------+--------+--------+--------+--------+-----+--------+
         Total |    326 |    326 |      0 |     49 |    190 |   3 |  108.7 |
       Dungeon |    326 |    326 |      0 |     49 |    190 |   3 |  108.7 |
               +--------+--------+--------+--------+--------+-----+--------+

Top non-repeatable levels by time:
     D:5: 251 daAuts
     D:4: 73 daAuts
     D:3: 1 daAuts
